 Dungeon Crawl Stone Soup version bcrawl-1.37.2 (webtiles) character file.

Game seed: 4260971198749065798

339859 Mehrunes the Destroyer (level 15, -11/120 HPs)
             Began as a Mummy Fire Elementalist on Nov 24, 2022.
             Was the Champion of Vehumet.
             Mangled by an earth elemental (28 damage)
             ... on level 2 of the Spider Nest.
             The game lasted 01:47:09 (34646 turns).

Mehrunes the Destroyer (Mummy Fire Elementalist)   Turns: 34646, Time: 01:47:10

Health: -11/120    AC: 14    Str: 13    XL:     15   Next: 54%
Magic:  13/49      EV: 15    Int: 22    God:    Vehumet [******]
Gold:   2337       SH:  0    Dex: 13    Spells: 3/38 levels left

rFire    x . .     GDR:     25% p - +2 dagger (venom)
rCold    + . .     SeeInvis +   (no shield)
rNeg     + + +     Gourm    .   H - +2 leather armour {MR+}
rPois    ∞         Faith    +   u - +0 helmet
rElec    .         Spirit   .   C - +2 cloak of Free Will {MP+9 Int+3}
rCorr    .         Reflect  .   k - +2 pair of gloves
MR       ++...     Clarity  +   I - +1 pair of boots
Stlth    +.........             g - amulet of faith
HPRegen  0.30/turn              v - ring of magical power
MPRegen  0.31/turn              J - ring of see invisible

@: sap magic, contaminated, glowing, very magic sapped
A: no food or potions, fire vulnerability, clarity, cold resistance 1, negative
energy resistance 3, torment resistance, unbreathing, strong hexes 1
a: Renounce Religion


You were on level 2 of the Spider Nest.
You worshipped Vehumet.
Vehumet was exalted by your worship.
You were not hungry.

You visited 5 branches of the dungeon, and saw 22 of its levels.

You collected 2925 gold pieces.
You spent 588 gold pieces at shops.

Inventory:

Hand Weapons
 e - a +0 hunting sling
 p - a +2 dagger of venom (weapon)
 t - a +3 eveningstar of holy wrath
Missiles
 d - 5144 stones (quivered)
 o - 593 sling bullets
 B - 563 poisoned tomahawks
Armour
 k - a +2 pair of gloves (worn)
 u - a +0 helmet (worn)
 C - the +2 cloak of Free Will (worn) {MP+9 Int+3}
   (You acquired it on level 10 of the Dungeon)

   It affects your intelligence (+3).
   It affects your magic capacity (+9).
 H - a +2 leather armour of magic resistance (worn)
 I - a +1 pair of boots (worn)
Jewellery
 g - an amulet of faith (around neck)
 h - a cursed amulet of magic regeneration {unknown}
 v - a ring of magical power (left hand)
 w - an uncursed ring of protection from fire
 y - a +4 ring of intelligence
 G - an uncursed ring of flight
 J - a ring of see invisible (right hand)
Wands
 c - a wand of flame (55)
 f - a wand of iceblast (15)
 q - a wand of paralysis (6)
 x - a wand of disintegration (15)
 z - a wand of digging (6)
 D - a wand of acid (9)
 E - a wand of random effects (7)
Scrolls
 a - a scroll of vulnerability
 b - 4 scrolls of teleportation
 i - 7 scrolls of identify
 j - 3 scrolls of magic mapping
 l - 2 scrolls of fog
 m - 6 scrolls of remove curse
 n - 3 scrolls of enchant weapon
 s - 2 scrolls of immolation
 A - 2 scrolls of amnesia


   Skills:
 + Level 11.9 Fighting
 + Level 7.4 Dodging
 - Level 2.1 Stealth
 + Level 12.4 Spellcasting
 + Level 13.2 Conjurations
 - Level 4.0 Transmutations
 - Level 12.0 Fire Magic
 + Level 2.7 Ice Magic


You had 3 spell levels left.
You knew the following spells:

 Your Spells              Type           Power        Failure   Level  Hunger
a - Flame Tongue          Conj/Fire      #####        2%          1    N/A
b - Icicle Burst          Conj/Ice       #####.....   77%         7    N/A
c - Sticky Flame          Conj/Fire      ######..     4%          4    N/A
d - Fireball              Conj/Fire      ######....   5%          5    N/A
f - Irradiate             Conj/Tmut      ######....   12%         5    N/A
g - Orb of Destruction    Conj           ######....   28%         7    N/A
h - Bolt of Fire          Conj/Fire      ######....   13%         6    N/A

Your spell library contained the following spells:

 Spells                   Type           Power        Failure   Level  Hunger
 Bolt of Cold             Conj/Ice       #####.....   36%         6    N/A
 Magic Dart               Conj           ####         2%          1    N/A
 Searing Ray              Conj           ######..     2%          2    N/A
 Conjure Flame            Conj/Fire      ######..     3%          3    N/A
 Iskenderun's Mystic Bla  Conj           ######..     3%          3    N/A
 Sting                    Conj/Pois      ####         4%          1    N/A
 Shock                    Conj/Air       #####..      5%          2    N/A
 Inner Flame              Hex/Fire       N/A          7%          3    N/A
 Ignite Poison            Fire/Tmut/Pois #####...     8%          3    N/A
 Mephitic Cloud           Conj/Pois/Air  ####....     10%         3    N/A
 Flaming Arrows           Chrm/Fire      #####...     21%         2    N/A
 Dazzling Orbs            Conj/Hex       ######.      24%         3    N/A
 Static Discharge         Air            ##....       45%         1    N/A
 Poisonous Vapours        Pois/Air       ##....       52%         2    N/A
 Swiftness                Chrm/Air       ##......     52%         2    N/A
 Confuse                  Hex            ###.....     69%         3    N/A
 Fulminant Prism          Conj/Hex       ######....   11%         4    N/A
 Lightning Bolt           Conj/Air       #####...     11%         4    N/A
 Venom Bolt               Conj/Pois      #####.....   19%         5    N/A
 Yara's Violent Unravell  Hex/Tmut       ####......   30%         4    N/A
 Conjure Ball Lightning   Conj/Air       #####.....   47%         6    N/A
 Freezing Cloud           Ice/Air        ###.....     58%         5    N/A
 Steam Barrier            Chrm/Fire      #####.....   63%         5    N/A
 Petrify                  Tmut/Erth      ###.......   77%         4    N/A
 Olgreb's Toxic Radiance  Pois           ##.......    92%         4    N/A
 Summon Scorpions         Summ/Pois      ##......     92%         4    N/A
 Silence                  Hex/Air        ###.......   99%         5    N/A
 Summon Lightning Spire   Summ/Air       ##......     99%         5    N/A
 Chain Lightning          Conj/Air       #####.....   100%        8    N/A

Dungeon Overview and Level Annotations

Branches:
Dungeon (12/12)            Temple (0/1) D:7            Lair (6/6) D:7
 Shoals (0/3) Lair:4       Spider (2/3) Lair:3        Slime (0/5) Lair:5
    Orc (1/1) D:10            Elf (1/3) Orc          Vaults (0/3) D:11
 Depths (0/5) D:12

Altars:
Ashenzari
Dithmenos
Gozag
Hepliaklqana
Ru
Uskayaw
Vehumet
Xom
Yredelemnul
Jiyva

Shops:
D:6 =*   Orc ([(*

Annotations:
D:6 1 runed door
D:8 3 runed translucent doors, Turtleman12345's ghost, novice DgFE
D:11 1 runed translucent door
Lair:1 1 runed translucent door, yrara's ghost, journeyman DsFi
Lair:5 1 runed door
Spider:1 exclusion: orange crystal statue Orc 1 runed translucent door, Azrael; petercordia2's ghost, journeyman DsAc


Innate Abilities, Weirdness & Mutations

You do not eat or drink.
Your flesh is vulnerable to fire.
You are immune to poison.
You possess an exceptional clarity of mind.
Your flesh is cold resistant. (rC+)
You are immune to negative energy. (rN+++)
You are immune to unholy pain and torment.
You can survive without breathing.
Your hexes are more powerful.


Message History

Casting: Irradiate (slightly dangerous; 12% risk of failure)
Confirm with . or Enter, or press ? or * to list all spells.
Aiming: Fireball (safe; 5% risk of failure)
Press: ? - help, Shift-Dir - straight line The fireball explodes!
The fireball engulfs the redback!
You kill the redback!
Vehumet accepts your kill.
The fireball engulfs the wolf spider!
You kill the wolf spider!
Vehumet accepts your kill.
You feel your power returning.
You hear an angry hiss.
The orb spider pulsates with a strange energy.
As you read the scroll of fear, it crumbles to dust.
You assume a fearsome visage.
The redback looks frightened!
The earth elemental is unaffected. x2; The wolf spider looks frightened!
The orb spider looks frightened! x2; The jumping spider looks frightened! x2
The wolf spider looks frightened!
The jumping spider leaps! x2
The earth elemental hits you!!
You die...

.. ≈ ## . .. ...
.≈≈ .. .#.#....#
.#. ..# ..s..#...#
s. ## .^.
#.#.#.#$#.###s#..#
#..
s○...E?..#.°s.# .#
....#○#†○†#
#.E.#†<†#
#)@..†#†.....#
###(.#>###.##.
...#.^. # ..###.
.#.# . s# .. #. .#
.# s .#


You could see 2 wolf spiders, 2 earth elementals, an orb spider (fleeing), a
jumping spider (fleeing) and a redback (fleeing).

Vanquished Creatures
  Rupert (Orc)
  Kirke (D:12)
  Donald (Spider:1)
  Louise (Spider:1)
  An emperor scorpion (Spider:1)
  Aizul (Spider:2)
  An entropy weaver (Spider:1)
  A spark wasp (Spider:1)
  Urug (Lair:3)
  An ice dragon (Lair:6)
  Erolcha (D:12)
  A yaktaur captain (D:12)
  A catoblepas (Lair:3)
  A death knight (D:11)
  6 hydras
  4 two-headed ogres
  Sonja (Lair:2)
  3 death yaks (Lair:6)
  Nergalle (Lair:2)
  A goliath frog (Lair:4)
  5 centaur warriors
  Pikel (D:4)
  2 wolf spider zombies
  A cyclops (D:10)
  A lindwurm (Lair:6)
  3 orc sorcerers
  3 orc knights
  A deep elf mage (D:11)
  6 wolf spiders
  An orb spider (Spider:1)
  4 ugly things
  3 manticores
  5 elephants (Lair:4)
  4 black mambas
  A water nymph (Lair:4)
  12 cane toads
  5 torpor snails (Lair:6)
  7 jumping spiders
  A yaktaur (D:12)
  3 demonic crawlers
  5 komodo dragons
  2 rime drakes
  A kobold demonologist (D:9)
  A queen bee (Lair:1)
  2 eyes of draining
  A merfolk (shapeshifter) (D:9)
  6 trolls
  4 meliai
  4 tyrant leeches (Lair:6)
  Maurice (D:11)
  8 hornets
  10 polar bears
  3 blink frogs (Lair:1)
  5 hippogriffs
  2 harpy skeletons
  3 raiju (Lair:6)
  6 slime creatures
  A meliai zombie (D:10)
  Sigmund (D:4)
  2 shadows
  2 wraiths
  2 water elementals (Lair:4)
  8 tarantellas
  A wyvern (D:7)
  A fire elemental (Orc)
  20 yaks
  3 hungry ghosts
  5 hogs (D:12)
  17 redbacks
  2 basilisks
  Edmund (D:6)
  11 wargs
  3 acid dragons
  14 crocodiles
  13 hell hounds
  6 water moccasins
  4 porcupines
  A swamp drake (D:10)
  2 ice beasts
  4 soldier ants
  37 orc warriors
  11 black bears (Lair:6)
  2 sky beasts (D:5)
  2 slaves (D:4)
  3 hornet zombies
  3 phantoms
  23 wolves
  9 ogres
  13 bullfrogs
  Blork the orc (D:5)
  3 kobold brigands
  A gnoll sergeant (D:12)
  13 centaurs
  3 scorpions
  4 wights (D:9)
  40 killer bees
  A howler monkey (D:11)
  8 orc priests
  5 crimson imps
  10 jellies
  11 orc wizards
  7 hounds
  2 gnoll shamans
  Jessica (D:3)
  6 iguanas
  7 hell rats (Lair:5)
  11 worker ants
  A howler monkey zombie (D:8)
  2 worker ant zombies
  Robin (D:4)
  15 gnolls
  11 adders
  3 shadow imps
  11 oozes
  An adder zombie (D:6)
  6 adder skeletons
  3 worms
  A dart slug (D:2)
  5 leopard geckos
  70 orcs
  4 giant cockroaches
  2 gnoll zombies (D:4)
  14 goblins
  8 hobgoblins
  15 jackals
  3 quokkas (D:3)
  2 ball pythons (D:1)
  5 bats
  6 frilled lizards
  21 kobolds
  7 rats
  2 fungi
  2 plants
  A withered plant (D:10)
746 creatures vanquished.

Vanquished Creatures (others)
  2 humans (D:12)
  A redback (Spider:2)
  14 fungi
  28 plants (Lair:6)
45 creatures vanquished.

Grand Total: 791 creatures vanquished

Notes
Turn   | Place    | Note
-------+----------+-------------------------------------------
     0 | D:1      | Mehrunes the Mummy Fire Elementalist began the quest for
                  | the Orb.
     0 | D:1      | Reached XP level 1. HP: 13/13 MP: 4/4
   122 | D:1      | Reached skill level 1 in Conjurations
   318 | D:1      | Reached XP level 2. HP: 16/19 MP: 0/6
  1047 | D:1      | Reached XP level 3. HP: 24/24 MP: 5/7
  1051 | D:1      | Learned a level 3 spell: Conjure Flame
  1687 | D:2      | Reached XP level 4. HP: 30/30 MP: 7/9
  2259 | D:3      | Reached skill level 2 in Conjurations
  2282 | D:3      | Learned a level 4 spell: Sticky Flame
  2371 | D:3      | Noticed Jessica
  2384 | D:3      | Killed Jessica
  2476 | D:3      | Reached XP level 5. HP: 36/36 MP: 7/11
  2607 | D:3      | Found a shadowy altar of Dithmenos.
  2634 | D:3      | Reached skill level 1 in Fighting
  3291 | D:4      | Noticed a slave
  3560 | D:4      | Reached XP level 6. HP: 43/43 MP: 12/12
  3624 | D:4      | Reached skill level 3 in Conjurations
  3924 | D:4      | Got a flickering bone ring
  3925 | D:4      | Identified the ring of Perfectionism {Ice Str+2} (You found
                  | it on level 4 of the Dungeon)
  4121 | D:4      | Learned a level 5 spell: Fireball
  4327 | D:4      | Found a basalt altar of Yredelemnul.
  4456 | D:4      | Noticed Sigmund
  4462 | D:4      | Killed Sigmund
  4463 | D:4      | Reached XP level 7. HP: 48/50 MP: 9/14
  4594 | D:4      | Found a shattered altar of Ashenzari.
  4598 | D:4      | Saw a vision of the Shoals and the Spider Nest.
  4598 | D:4      | Noticed a redback
  4598 | D:4      | Noticed a hippogriff
  4598 | D:4      | Noticed a sea snake
  4598 | D:4      | Noticed a wolf spider
  4598 | D:4      | Noticed a hippogriff
  4599 | D:4      | Noticed a merfolk
  4607 | D:4      | Noticed Pikel
  4855 | D:4      | Noticed Robin
  4869 | D:4      | Killed Robin
  4873 | D:4      | Reached skill level 5 in Spellcasting
  5713 | D:4      | Found a hazy altar of Hepliaklqana.
  5853 | D:4      | Killed Pikel
  5854 | D:4      | Reached skill level 4 in Conjurations
  5854 | D:4      | Reached skill level 5 in Fire Magic
  5854 | D:4      | Reached XP level 8. HP: 58/58 MP: 1/15
  6089 | D:5      | Entered Level 5 of the Dungeon
  6545 | D:5      | Reached skill level 5 in Conjurations
  6656 | D:5      | Noticed Blork the orc
  6909 | D:5      | Killed Blork the orc
  7073 | D:5      | Found a hide-covered altar of Uskayaw.
  7160 | D:5      | Found a glowing golden altar of the Shining One.
  7517 | D:5      | Found a radiant altar of Vehumet.
  7570 | D:5      | Became a worshipper of Vehumet
  7698 | D:6      | Found Veuny's Jewellery Emporium.
  7702 | D:6      | Bought an uncursed ring of protection from fire for 350
                  | gold pieces
  7803 | D:6      | Reached skill level 6 in Conjurations
  7803 | D:6      | Reached XP level 9. HP: 40/66 MP: 11/16
  8211 | D:6      | Noticed Edmund
  8439 | D:6      | Killed Edmund
  8510 | D:6      | Found Qevak's Assorted Antiques.
  8916 | D:6      | Reached * piety under Vehumet
  8916 | D:6      | Offered knowledge of Magic Dart by Vehumet.
  8958 | D:6      | Found a runed door.
  9376 | D:7      | Reached skill level 5 in Fighting
  9420 | D:7      | Found a staircase to the Ecumenical Temple.
  9758 | D:7      | Noticed a komodo dragon
  9764 | D:7      | Killed a komodo dragon
  9930 | D:7      | Found a sacrificial altar of Ru.
 10017 | D:7      | Reached skill level 7 in Conjurations
 10159 | D:7      | Noticed a komodo dragon
 10186 | D:7      | Killed a komodo dragon
 10339 | D:7      | Found a staircase to the Lair.
 10457 | D:8      | Noticed a two-headed ogre
 10457 | D:8      | Noticed a troll
 10647 | D:7      | Reached XP level 10. HP: 67/76 MP: 6/17
 10902 | D:8      | Found a runed translucent gate.
 10902 | D:8      | Found a runed translucent gate.
 10902 | D:8      | Found a runed translucent gate.
 10903 | D:8      | Found an opulent altar of Gozag.
 10904 | D:8      | Noticed Turtleman12345's ghost (novice DgFE)
 10905 | D:8      | Noticed a wizard
 11003 | D:8      | Reached ** piety under Vehumet
 11003 | D:8      | Offered knowledge of Shock by Vehumet.
 11330 | D:8      | Reached skill level 8 in Conjurations
 11743 | D:8      | Killed a two-headed ogre
 11863 | D:8      | Offered knowledge of Iskenderun's Mystic Blast by Vehumet.
 11874 | D:8      | Learned a level 3 spell: Iskenderun's Mystic Blast
 12070 | D:8      | Found a runed translucent gate.
 12070 | D:8      | Found a runed translucent gate.
 12070 | D:8      | Found a runed translucent gate.
 12072 | D:8      | Found an opulent altar of Gozag.
 12587 | D:9      | Reached *** piety under Vehumet
 13148 | D:9      | Offered knowledge of Throw Icicle by Vehumet.
 13153 | D:9      | Reached skill level 9 in Conjurations
 13249 | D:9      | Noticed a rust devil
 13250 | D:9      | Reached XP level 11. HP: 84/84 MP: 14/18
 13730 | D:9      | Reached **** piety under Vehumet
 14016 | D:9      | Found a shimmering altar of Xom.
 14029 | D:9      | Found a blossoming altar of Fedhas.
 14040 | D:9      | Found a shattered altar of Ashenzari.
 14331 | Lair:1   | Entered Level 1 of the Lair of Beasts
 14565 | Lair:1   | Found the +10 Black Knight's horse barding {ponderous,
                  | rPois rN+}
 14570 | Lair:1   | Offered knowledge of Stone Arrow by Vehumet.
 14588 | Lair:1   | Learned a level 3 spell: Stone Arrow
 14815 | Lair:1   | Reached skill level 10 in Fire Magic
 15336 | Lair:1   | Found a runed translucent door.
 15353 | Lair:1   | Noticed yrara's ghost (journeyman DsFi)
 15738 | Lair:1   | Reached skill level 10 in Conjurations
 16053 | Lair:2   | Noticed Sonja
 16065 | Lair:2   | Killed Sonja
 16252 | Lair:2   | Noticed Nergalle
 16468 | Lair:2   | Killed Nergalle
 16799 | Lair:2   | Reached XP level 12. HP: 94/94 MP: 19/19
 17562 | Lair:3   | Noticed a catoblepas
 17958 | Lair:3   | Found a hole to the Spider Nest.
 18133 | Lair:3   | Noticed Urug
 18140 | Lair:3   | Killed Urug
 18589 | Lair:3   | Killed a catoblepas
 18743 | Lair:4   | Noticed a five-headed hydra
 18747 | Lair:4   | Killed a five-headed hydra
 18894 | Lair:4   | Noticed a seven-headed hydra
 19131 | Lair:4   | Reached skill level 11 in Conjurations
 19201 | Lair:4   | Reached ***** piety under Vehumet
 19256 | Lair:4   | Offered knowledge of Irradiate by Vehumet.
 19268 | Lair:4   | Learned a level 5 spell: Irradiate
 19945 | Lair:4   | Killed a seven-headed hydra
 20669 | Lair:5   | Noticed a seven-headed hydra
 20674 | Lair:5   | Killed a seven-headed hydra
 20749 | Lair:5   | Reached skill level 1 in Transmutations
 21209 | Lair:5   | Reached XP level 13. HP: 88/99 MP: 25/25
 21275 | Lair:5   | Found a runed door.
 21275 | Lair:5   | Found a viscous altar of Jiyva.
 21275 | Lair:5   | Noticed an azure jelly
 21276 | Lair:5   | Found a staircase to the Slime Pits.
 21276 | Lair:5   | Noticed an azure jelly
 21443 | Lair:6   | Entered Level 6 of the Lair of Beasts
 22392 | Lair:6   | Found a runed door.
 23828 | Lair:6   | Offered knowledge of Bolt of Draining by Vehumet.
 25123 | Lair:6   | Reached skill level 12 in Conjurations
 25900 | D:10     | Entered Level 10 of the Dungeon
 26113 | D:10     | Identified a scroll of acquirement
 26115 | D:10     | Identified the +2 cloak of Free Will {MP+9 Int+3} (You
                  | acquired it on level 10 of the Dungeon)
 26115 | D:10     | Identified Easy Spellcasting (You acquired it on level 10
                  | of the Dungeon)
 26167 | D:10     | Reached XP level 14. HP: 97/109 MP: 27/27
 26485 | D:10     | Offered knowledge of Orb of Destruction by Vehumet.
 26565 | D:10     | Learned a level 7 spell: Orb of Destruction
 26655 | D:10     | Reached skill level 10 in Fighting
 27015 | D:10     | Found a basalt altar of Yredelemnul.
 27208 | D:10     | Found a staircase to the Orcish Mines.
 27221 | D:10     | Reached skill level 10 in Spellcasting
 27221 | D:10     | Identified the cursed ring "Ineunest" {rF+ Stlth--}
 27618 | Orc      | Entered the Orcish Mines
 27827 | Orc      | Noticed Azrael
 27939 | Orc      | Found a staircase to the Elven Halls.
 27943 | Elf:1    | Entered Level 1 of the Elven Halls
 27974 | Orc      | Reached skill level 5 in Dodging
 28079 | Orc      | Noticed Rupert
 28157 | Orc      | Paralysed by Rupert for 4 turns
 28175 | Orc      | Killed Rupert
 29033 | Orc      | Found a runed translucent door.
 29034 | Orc      | Noticed petercordia2's ghost (journeyman DsAc)
 29200 | Orc      | Found Homuot's Armour Boutique.
 29200 | Orc      | Found Rumiupia's Antique Weapon Emporium.
 29202 | Orc      | Found Satuopogg's General Store.
 29204 | Orc      | Found Rargho's Weapon Shop.
 29432 | Orc      | Reached ****** piety under Vehumet
 29432 | Orc      | Offered knowledge of Bolt of Fire by Vehumet.
 29452 | Orc      | Learned a level 6 spell: Bolt of Fire
 29844 | D:11     | Found a radiant altar of Vehumet.
 30598 | D:11     | Noticed Maurice
 30603 | D:11     | Killed Maurice
 30852 | D:11     | Noticed a mature stingbat beast
 30852 | D:11     | Noticed a mature batshock beast
 30852 | D:11     | Noticed a mature stingbat beast
 30858 | D:11     | Found a runed translucent door.
 30859 | D:11     | Found a gate to the Vaults.
 30964 | D:12     | Entered Level 12 of the Dungeon
 31129 | D:12     | Noticed Erolcha
 31185 | D:12     | Killed Erolcha
 31333 | D:12     | Offered knowledge of Icicle Burst by Vehumet.
 31432 | D:12     | Learned a level 7 spell: Icicle Burst
 31827 | D:12     | Found a staircase to the Depths.
 31980 | D:12     | Reached XP level 15. HP: 106/119 MP: 30/30
 32088 | D:12     | Noticed Kirke
 32099 | D:12     | Killed Kirke
 32655 | Spider:1 | Entered Level 1 of the Spider Nest
 32836 | D:6      | Bought an uncursed ring of see invisible for 238 gold
                  | pieces
 33065 | Spider:1 | Noticed Donald
 33070 | Spider:1 | Killed Donald
 33303 | Spider:1 | Reached skill level 1 in Ice Magic
 33308 | Spider:1 | Reached skill level 13 in Conjurations
 33668 | Spider:1 | Noticed Louise
 33673 | Spider:1 | Killed Louise
 34634 | Spider:2 | Offered knowledge of Bolt of Cold by Vehumet.
 34635 | Spider:2 | Noticed Aizul
 34643 | Spider:2 | Killed Aizul
 34646 | Spider:2 | Mangled by an earth elemental

Skill      XL: |  1  2  3  4  5  6  7  8  9 10 11 12 13 14 15 |
---------------+----------------------------------------------+-----
Conjurations   | 1 2 3 4 6 7 9 10 11 12 13 | 13.2
Spellcasting   | 3 4 5 8 9 11 12 | 12.4
Fire Magic     | 3 4 5 6 7 9 10 11 12 | 12.0
Fighting       | 1 2 3 4 5 7 8 9 11 | 11.9
Transmutations | 1 4 |  4.0
Dodging        | 4 6 7 |  7.4
Ice Magic      | 2 |  2.7
Stealth        | |  2.1

Action                   |  1- 3 |  4- 6 |  7- 9 | 10-12 | 13-15 || total
-------------------------+-------+-------+-------+-------+-------++-------
Melee: Whip              |    12 |       |       |       |       ||    12
       Dagger            |       |     8 |    37 |    66 |   114 ||   225
 Fire: Hunting sling     |       |    21 |    34 |       |       ||    55
 Cast: Flame Tongue      |    71 |    82 |   222 |   301 |    77 ||   753
       Conjure Flame     |       |     8 |     6 |    11 |    10 ||    35
       Sticky Flame      |       |       |    33 |    90 |    53 ||   176
       Fireball          |       |       |    11 |   103 |   254 ||   368
       Iskenderun's Myst |       |       |       |    26 |       ||    26
       Stone Arrow       |       |       |       |     3 |    72 ||    75
       Irradiate         |       |       |       |       |    70 ||    70
       Bolt of Fire      |       |       |       |       |   132 ||   132
       Orb of Destructio |       |       |       |       |    17 ||    17
Evoke: Wand              |       |     3 |     2 |     3 |     8 ||    16
  Use: Scroll            |       |     1 |     3 |    12 |    20 ||    36
Armor: Robe              |    11 |    10 |     2 |       |       ||    23
       Animal skin       |       |       |    61 |    75 |    95 ||   231
       Leather armour    |       |       |       |       |    59 ||    59
Dodge: Dodged            |    48 |    28 |   121 |   127 |   321 ||   645
